 Dungeon Crawl Stone Soup version 0.29-a0-378-gc08b2e8bf8 (webtiles) character file.

Game seed: 2439019088145466950

381 KateP the Chopper (level 6, -1/51 (56) HPs)
             Began as a Minotaur Fighter on May 5, 2022.
             Slain by a wight
             ... wielding a +4 halberd
              (7 damage)
             ... on level 5 of the Dungeon.
             The game lasted 00:02:44 (3184 turns).

KateP the Chopper (Minotaur Fighter)                Turns: 3184, Time: 00:02:45

HP:   -1/51 (56)    AC:  7    Str: 21 (22) XL:     6   Next: 46%
MP:   5/5           EV:  9    Int:  5      God:
Gold: 166           SH:  4    Dex:  7 (10) Spells: 5/5 levels left

rFire   . . .      SeeInvis .   a - +0 war axe
rCold   . . .      Faith    .   c - +0 buckler
rNeg    . . .      Spirit   .   b - +0 scale mail
rPois   .          Reflect  .   (helmet restricted)
rElec   .          Harm     .   (no cloak)
rCorr   .          Rampage  .   (no gloves)
Will    .....                   (no boots)
Stlth   ..........              (no amulet)
HPRegen 0.17/turn               (no ring)
MPRegen 0.09/turn               (no ring)

@: drained
A: horns 2, retaliatory headbutt
a: no special abilities


You were on level 5 of the Dungeon.
You visited 1 branch of the dungeon, and saw 5 of its levels.

You collected 166 gold pieces.

Inventory:

Hand Weapons
 a - a +0 war axe (weapon)
Armour
 b - a +0 scale mail (worn)
 c - a +0 buckler (worn)
Wands
 o - a wand of mindburst (18)
 s - a wand of polymorph (29)
 t - a wand of flame (10)
Scrolls
 e - a scroll of teleportation {unknown}
 i - 3 scrolls of immolation {unknown}
 j - 2 scrolls of noise {unknown}
 m - a scroll of vulnerability {unknown}
 n - 2 scrolls of blinking {unknown}
 p - a scroll of enchant armour {unknown}
 q - 2 scrolls of identify {unknown}
Potions
 d - a potion of heal wounds {unknown}
 f - a potion of brilliance {unknown}
 g - a potion of resistance {unknown}
 h - a potion of degeneration
 k - a potion of invisibility {unknown}
 l - a potion of flight {unknown}
 r - a potion of mutation {unknown}
 u - a potion of attraction {unknown}


   Skills:
 + Level 5.4 Fighting
 * Level 6.1 Axes
 + Level 5.3 Armour
 - Level 3.6 Shields


You had 5 spell levels left.
You didn't know any spells.
Your spell library contained the following spells:

 Spells                   Type           Power      Damage    Failure   Level
 Beastly Appendage        Tmut           0%         N/A       88%         1
 Blink                    Tloc           0%         N/A       95%         2
 Scorch                   Fire           0%         2d5       95%         2
 Wereblood                Tmut           0%         N/A       95%         2
 Lesser Beckoning         Tloc           0%         N/A       99%         3
 Spider Form              Tmut/Pois      0%         N/A       99%         3
 Flame Wave               Conj/Fire      0%         2d4       100%        4
 Manifold Assault         Tloc           0%         N/A       100%        5
 Summon Cactus Giant      Summ           0%         N/A       100%        6


Dungeon Overview and Level Annotations

Branches:
Dungeon (5/15)
 Temple: D:4-7

Altars:


Innate Abilities, Weirdness & Mutations

You have a pair of horns on your head.
You reflexively headbutt those who attack you in melee.


Message History

You hit the wight.
The wight is heavily damaged.
The wight hits you but does no damage. The wight closely misses you.
You closely miss the wight.
The wight is heavily damaged.
You block the wight's attack. The wight hits you with a +0 dagger.
You block the wight's attack. The wight closely misses you.
You furiously retaliate!
You headbutt the wight. You closely miss the wight.
Your headbutt misses the wight.
The wight is severely damaged.
The wight hits you with a +0 dagger!
The wight hits you from afar with a +4 halberd!
* * * LOW HITPOINT WARNING * * *
You are too injured to fight recklessly!
You are too injured to fight recklessly!
You are too injured to fight recklessly!
You are too injured to fight recklessly!
You barely miss the wight.
The wight is severely damaged.
The wight barely misses you. You furiously retaliate!
You headbutt the wight, but do no damage.
The wight barely misses you. You block the wight's attack.
The wight attacks as you move away! The wight barely misses you.
The wight attacks as you move away! The wight hits you with a +0 dagger.
* * * LOW HITPOINT WARNING * * *
The wight attacks as you move away! The wight hits you with a +0 dagger.
* * * LOW HITPOINT WARNING * * *
The wight attacks as you move away! The wight hits you with a +0 dagger.
* * * LOW HITPOINT WARNING * * *
You feel drained. The wight attacks as you move away!
You block the wight's attack. The wight attacks as you move away!
The wight closely misses you.
There is a stone staircase leading up here.
The wight hits you with a +0 dagger.
* * * LOW HITPOINT WARNING * * *
You feel drained.
* * * LOW HITPOINT WARNING * * *
The wight hits you from afar with a +4 halberd!
You die...

..........##...)...#.^.#
#........##........?>..
#........##............
#........##............
#........#.............
#........#.#.####...?..
#........#.#....#......
#........#z####.#......
#.....@zz......########
####+#.#.#...###
#.###.......#
#.........###
###########


You could see 3 wights.

Vanquished Creatures
  Sigmund (D:4)
  Blork the orc (D:4)
  A wight (D:5)
  Robin (D:2)
  3 adders
  A worm (D:3)
  2 dart slugs
  3 ball pythons
  7 endoplasms
  2 giant cockroaches (D:1)
  13 goblins
  5 hobgoblins
  3 kobolds (D:1)
  2 quokkas (D:3)
  A bat (D:1)
  2 frilled lizards (D:3)
  4 rats
52 creatures vanquished.

Vanquished Creatures (others)
  3 plants (D:3)
3 creatures vanquished.

Grand Total: 55 creatures vanquished

Notes
Turn   | Place    | Note
-------+----------+-------------------------------------------
     0 | D:1      | KateP the Minotaur Fighter began the quest for the Orb.
     0 | D:1      | Reached XP level 1. HP: 19/19 MP: 0/0
   146 | D:1      | Reached XP level 2. HP: 27/27 MP: 1/1
   177 | D:1      | Reached skill level 3 in Axes
   948 | D:2      | Noticed Robin
   951 | D:2      | Reached XP level 3. HP: 33/33 MP: 2/2
   965 | D:2      | Killed Robin
  1152 | D:2      | You fall into a shaft and drop 2 floors!
  1335 | D:3      | Reached skill level 4 in Axes
  1375 | D:3      | Found a faded altar of an unknown god.
  1945 | D:4      | Reached XP level 4. HP: 38/39 MP: 3/3
  2146 | D:4      | Noticed Blork the orc
  2158 | D:4      | Killed Blork the orc
  2159 | D:4      | Reached XP level 5. HP: 8/47 MP: 4/4
  2589 | D:4      | Noticed Sigmund
  2607 | D:4      | Killed Sigmund
  2608 | D:4      | Reached skill level 5 in Fighting
  2608 | D:4      | Reached skill level 5 in Axes
  2608 | D:4      | Reached skill level 5 in Armour
  2608 | D:4      | Reached XP level 6. HP: 6/56 MP: 5/5
  3099 | D:5      | Entered Level 5 of the Dungeon
  3160 | D:5      | Reached skill level 6 in Axes
  3184 | D:5      | Slain by a wight

Illustrated notes

Levels and vault maps discovered:
D:1:      psy_arrival_statuary, layout_loops_ring, serial_forest,
          infiniplex_forest_straight_1, infiniplex_forest_clump_medium,
          infiniplex_forest_lined_2, infiniplex_forest_straight_3,
          infiniplex_forest_lined_2, infiniplex_forest_clump_double,
          infiniplex_forest_3_way, infiniplex_forest_clump_C
D:2:      layout_loops_cross, basic_altar, uniq_robin, uniq_terence
D:3:      layout_loops_ring, shapermc_ecumenical_altar_acropolis, serial_bayou,
          serial_bayou_shore_a, serial_bayou_pond_c, serial_bayou_pond_a,
          serial_bayou_pond_a
D:4:      layout_gridville, minmay_misc_feat_more_columns, uniq_sigmund,
          uniq_blork_the_orc
D:5:      layout_basic, nemelex_spade_bored_becter, nrook_mini_vaults,
          serial_bayou_lake_a, uniq_eustachio, uniq_crazy_yiuf_cottage

Skill      XL: |  1  2  3  4  5  6 |
---------------+-------------------+-----
Axes           | 3 4 5 6 |  6.1
Fighting       | 4 5 |  5.4
Armour         | 4 5 |  5.3
Shields        | |  3.6

Action                   |  1- 3 |  4- 6 || total
-------------------------+-------+-------++-------
Melee: War axe           |    80 |    50 ||   130
       Headbutt          |     8 |     8 ||    16
  Use: Potion            |       |     2 ||     2
Armor: Scale mail        |    38 |    11 ||    49
Dodge: Dodged            |    36 |    24 ||    60
Block: Buckler           |    15 |    15 ||    30

Table legend: (Time is in decaauts)
 A = Elapsed time spent in this place.
 B = Non-inter-level travel time spent in this place.
 C = Inter-level travel time spent in this place.
 D = Time resting spent in this place.
 E = Time spent auto-exploring this place.
 F = Levels seen in this place.
 G = Mean time per level.
                   A        B        C        D        E       F      G
               +--------+--------+--------+--------+--------+-----+--------+
         Total |   3256 |   3256 |      0 |    622 |   2150 |   5 |  651.2 |
       Dungeon |   3256 |   3256 |      0 |    622 |   2150 |   5 |  651.2 |
               +--------+--------+--------+--------+--------+-----+--------+

Top non-repeatable levels by time:
     D:4: 1232 daAuts
     D:1: 950 daAuts
     D:3: 762 daAuts
     D:2: 222 daAuts
     D:5: 88 daAuts
